 Dungeon Crawl Stone Soup version 0.28-a0-1174-g766a6a42ef (webtiles) character file.

Game seed: 13937811488855439811

9 yoda5477 the Skirmisher (level 2, 0/26 HPs)
             Began as a Ghoul Monk on Dec 16, 2021.
             Slain by a quokka (4 damage)
             ... on level 1 of the Dungeon.
             The game lasted 00:02:10 (496 turns).

yoda5477 the Skirmisher (Ghoul Monk)                 Turns: 496, Time: 00:02:11

Health: 0/26       AC:  2    Str: 14    XL:     2   Next: 12%
Magic:  1/1        EV: 12    Int:  5    God:
Gold:   32         SH:  0    Dex: 11    Spells: 1/1 levels left

rFire   . . .      SeeInvis .   a - +0 hand axe
rCold   + . .      Faith    .   (no shield)
rNeg    + + +      Spirit   .   b - +0 robe
rPois   ∞          Reflect  .   (no helmet)
rElec   .          Harm     .   (no cloak)
rCorr   .          Rampage  .   (no gloves)
Will    .....                   (no boots)
Stlth   ++........              (no amulet)
HPRegen 0.00/turn               (no ring)
MPRegen 0.07/turn               (no ring)

@: inhibited regen
A: claws 1, cold resistance 1, negative energy resistance 3, inhibited
regeneration, torment resistance 2
a: no special abilities


You were on level 1 of the Dungeon.
You visited 1 branch of the dungeon, and saw 1 of its levels.

You collected 32 gold pieces.

Inventory:

Hand Weapons
 a - a +0 hand axe (weapon)
Armour
 b - a +0 robe (worn)


   Skills:
 + Level 3.3 Fighting
 * Level 2.9 Axes
 * Level 0.5 Armour
 + Level 2.7 Dodging
 + Level 2.3 Stealth


You had one spell level left.
You didn't know any spells.
Your spell library was empty.

Dungeon Overview and Level Annotations

Branches:
Dungeon (1/15)

Altars:


Innate Abilities, Weirdness & Mutations

You thrive by killing the living.
You are immune to poison.
You have sharp fingernails.
Your flesh is cold resistant. (rC+)
You are immune to negative energy. (rN+++)
You do not regenerate when monsters are visible.
You are immune to unholy pain and torment.


Message History

A kobold comes into view. It is wielding a +0 short sword.
The kobold shouts!
A goblin comes into view. It is wielding a +0 club.
A quokka comes into view.
The kobold throws a stone.
The stone hits you but does no damage.
The goblin shouts!
You hear an angry hiss.
You hear a shout!
The kobold throws a stone.
The stone hits you.
You see here a scroll labelled ANUOBL YRCHOV.
The kobold throws a stone.
The stone closely misses you.
You see here a scroll labelled ANUOBL YRCHOV.
A ball python comes into view.
The ball python hisses angrily.
The kobold closely misses you.
You hit the kobold.
The kobold is moderately wounded.
You closely miss the goblin. The goblin barely misses you.
The kobold hits you with a +0 short sword.
You see here a scroll labelled ANUOBL YRCHOV.
You closely miss the goblin. The goblin hits you with a +0 club.
The goblin barely misses you.
You closely miss the goblin. The goblin misses you.
You miss the goblin. The goblin hits you with a +0 club.
You hit the goblin but do no damage. The goblin hits you with a +0 club.
You hit the goblin.
You kill the goblin!
The ball python bites you.
* * * LOW HITPOINT WARNING * * *
The ball python grabs you. The ball python constricts you.
You hit the ball python.
You kill the ball python!
A kobold comes into view. It is wielding a +0 club.
You closely miss the quokka. The quokka bites you.
* * * LOW HITPOINT WARNING * * *
You hit the quokka.
The quokka is moderately wounded.
The quokka barely misses you. x2
You barely miss the quokka.
The quokka is moderately wounded.
The quokka bites you.
You die...

#.# #..........# # #.#
#..###.##.# # #.#.#
#..##...#.# #.##
#.#.####..........
..##..........#...###
#K.##.###.#...#..#.).###
#.....)K.............÷..
#.#.#.#r###...##.#...###
..##@# ######.##.## ###
#.# #.#÷.# #.# #..#.#
#.. ...###. ### #### #


You could see a quokka and a kobold.

Vanquished Creatures
  An endoplasm (D:1)
  A giant cockroach (D:1)
  A goblin (D:1)
  A hobgoblin (D:1)
  A kobold (D:1)
  A ball python (D:1)
  2 bats (D:1)
8 creatures vanquished.

Notes
Turn   | Place    | Note
-------+----------+-------------------------------------------
     0 | D:1      | yoda5477 the Ghoul Monk began the quest for the Orb.
     0 | D:1      | Reached XP level 1. HP: 19/19 MP: 0/0
   208 | D:1      | Reached XP level 2. HP: 6/26 MP: 1/1
   496 | D:1      | Slain by a quokka

Illustrated notes

Levels and vault maps discovered:
D:1:      shiori_arrival_oz, layout_loops_ring, minmay_misc_feat_doors

Action                   || total
-------------------------++-------
Melee: Hand axe          ||    38
Armor: Robe              ||    13
Dodge: Dodged            ||    35

Table legend: (Time is in decaauts)
 A = Elapsed time spent in this place.
 B = Non-inter-level travel time spent in this place.
 C = Inter-level travel time spent in this place.
 D = Time resting spent in this place.
 E = Time spent auto-exploring this place.
 F = Levels seen in this place.
 G = Mean time per level.
                   A        B        C        D        E       F      G
               +--------+--------+--------+--------+--------+-----+--------+
         Total |    501 |    501 |      0 |    297 |    112 |   1 |  501.0 |
       Dungeon |    501 |    501 |      0 |    297 |    112 |   1 |  501.0 |
               +--------+--------+--------+--------+--------+-----+--------+

Top non-repeatable levels by time:
     D:1: 501 daAuts
